 Dungeon Crawl Stone Soup version 0.29-a0-997-gf6f7e2dfe7 (webtiles) character file.

Game seed: 15784833969911874710

1 vurker the Vexing (level 1, 0/13 HPs)
             Began as a Demonspawn Enchanter on Aug 4, 2022.
             Slain by a hobgoblin (3 damage)
             ... on level 1 of the Dungeon.
             The game lasted 00:00:12 (98 turns).

vurker the Vexing (Demonspawn Enchanter)              Turns: 98, Time: 00:00:13

Health: 0/13       AC:  2    Str:  8    XL:     1   Next: 16%
Magic:  3/3        EV: 12    Int: 16    God:
Gold:   8          SH:  0    Dex: 13    Spells: 4/4 levels left

rFire   . . .      SeeInvis .   a - +1 dagger
rCold   . . .      Faith    .   (no shield)
rNeg    . . .      Spirit   .   b - +0 robe
rPois   .          Reflect  .   (no helmet)
rElec   .          Harm     .   (no cloak)
rCorr   .          Rampage  .   (no gloves)
Will    .....                   (no boots)
Stlth   ++........              (no amulet)
HPRegen 0.04/turn               (no ring)
MPRegen 0.08/turn               (no ring)

@: no status effects
A: no striking features
a: no special abilities


You were on level 1 of the Dungeon.
You visited 1 branch of the dungeon, and saw 1 of its levels.

You collected 8 gold pieces.

Inventory:

Hand Weapons
 a - a +1 dagger (weapon)
Armour
 b - a +0 robe (worn)
Potions
 c - 2 potions of invisibility


   Skills:
 + Level 0.1 Fighting
 - Level 0.8 Short Blades
 + Level 0.1 Armour
 + Level 1.8 Dodging
 - Level 2.6 Stealth
 - Level 2.0 Spellcasting
 - Level 3.0 Hexes


You had 4 spell levels left.
You didn't know any spells.
Your spell library contained the following spells:

 Spells                   Type           Power      Damage    Failure   Level
 Ensorcelled Hibernation  Hex/Ice        12%        N/A       17%         2
 Confusing Touch          Hex            11%        N/A       19%         3
 Tukima's Dance           Hex            11%        N/A       19%         3
 Dazzling Flash           Conj/Hex       12%        N/A       32%         3


Dungeon Overview and Level Annotations

Branches:
Dungeon (1/15)

Altars:


Message History

Options error: Bad channel -- rotten_meat (~/.crawlrc:4122) Welcome, vurker the Demonspawn Enchanter.
Will you prevail where others failed? Will you find the Orb of Zot?
Found 8 gold pieces.
Found a staircase leading out of the dungeon.
You now have 8 gold pieces.
Found a scroll labelled OKHOIC BYUMOX.
A hobgoblin and an endoplasm come into view.
There are monsters nearby!
There are monsters nearby!
A frilled lizard and a kobold come into view.
Found a scroll labelled UTSYASHRICEA.
You hit the endoplasm. You hit the endoplasm.
You kill the endoplasm!
No target in view!
No target in view!
No target in view!
No target in view!
No target in view!
No target in view!
No target in view!
No target in view!
No target in view!
No target in view!
The hobgoblin shouts!
The hobgoblin barely misses you.
You completely miss the hobgoblin. The hobgoblin hits you.
You hit the hobgoblin. The hobgoblin closely misses you.
You hit the hobgoblin.
The hobgoblin hits you but does no damage.
You completely miss the hobgoblin. The hobgoblin misses you.
You hit the hobgoblin. The hobgoblin hits you.
* * * LOW HITPOINT WARNING * * *
You hit the hobgoblin. The hobgoblin barely misses you.
You hit the hobgoblin but do no damage. The hobgoblin hits you.
* * * LOW HITPOINT WARNING * * *
You hit the hobgoblin but do no damage. The hobgoblin hits you.
You die...

#.≈...§.§§.≈.### #? #
#.≈.§≈§....≈.#.. ##.
#.#.≈..≈§≈≈≈≈§.#.# ..
#.#.≈..........#.# #.#
#...≈.....≈.####.#
#####.......≈≈≈≈≈≈≈.# #.#
l......####.........####.#
#..?#####..#####......#
#....g@....# ######.#
.......######.# #.#
..K.... #.# #.# ....gK.
#.# #.# .......
#.##########.# .....#.
#............# .K...#.
############## .....#.


You could see a hobgoblin and a kobold (wandering).

Vanquished Creatures
  An endoplasm (D:1)
1 creature vanquished.

Notes
Turn   | Place    | Note
-------+----------+-------------------------------------------
     0 | D:1      | vurker the Demonspawn Enchanter began the quest for the
                  | Orb.
     0 | D:1      | Reached XP level 1. HP: 13/13 MP: 3/3
    98 | D:1      | Slain by a hobgoblin

Illustrated notes

Levels and vault maps discovered:
D:1:      ebering_hopf_link, layout_loops_ring,
          dilly_ecumenical_altar_fadedgnrine

Action                   || total
-------------------------++-------
Melee: Dagger            ||    10
Armor: Robe              ||     1
Dodge: Dodged            ||     4

Table legend: (Time is in decaauts)
 A = Elapsed time spent in this place.
 B = Non-inter-level travel time spent in this place.
 C = Inter-level travel time spent in this place.
 D = Time resting spent in this place.
 E = Time spent auto-exploring this place.
 F = Levels seen in this place.
 G = Mean time per level.
                   A        B        C        D        E       F      G
               +--------+--------+--------+--------+--------+-----+--------+
         Total |     97 |     97 |      0 |      0 |     67 |   1 |   97.0 |
       Dungeon |     97 |     97 |      0 |      0 |     67 |   1 |   97.0 |
               +--------+--------+--------+--------+--------+-----+--------+

Top non-repeatable levels by time:
     D:1: 97 daAuts
